Map: Acropolis LE

Players

Lambo - Winner!

  • Race: Zerg Zerg
  • Spawn Location: 11:00

Dastan

  • Race: Protoss Protoss
  • League: Grandmaster
  • Spawn Location: 5:00

Event: NationWars 2019

VOD

Have the link to the VOD?

Description

Time

  • Played on: Oct. 11, 2019, 11:23 a.m.
  • Length: 7:41
Show
View Real Time Build Order
Export as new Build Order

Lambo Zerg - Winner!

Build Orders: Hatch First 

Get SALT Encoding   

  12  0:01  Drone  
  13  0:13  Overlord  
  13  0:18  Drone  
  14  0:31  Drone x2  
  16  0:47  Hatchery  
  15  0:51  Drone  
  15  0:55  Drone  
  17  0:58  Drone  
  18  1:09  Extractor  
  17  1:13  Spawning Pool  
  17  1:16  Drone  
  17  1:21  Drone  
  18  1:28  Drone  
  19  1:40  Drone  
  20  1:51  Overlord  
  20  2:00  Queen x2  
  20  2:01  Zergling x4  
  26  2:10  Drone  
  26  2:11  Drone  
  28  2:21  Drone  
  29  2:23  Drone  
  29  2:29  Hatchery  
  29  2:35  Drone x2  
  29  2:36  Pneumatized Carapace  
  31  2:43  Drone  
  31  2:44  Overlord  
  32  2:51  Queen  
  32  2:55  Drone  
  35  2:59  Drone  
  36  3:08  Drone  
  36  3:09  Drone x4  
  36  3:12  Metabolic Boost  
  41  3:18  Overlord  
  41  3:20  Drone  
  41  3:26  Queen  
  44  3:38  Drone  
  44  3:40  Overlord  
  44  3:41  Roach Warren  
  44  3:43  Drone x3  
  44  3:45  Drone x2  
  44  3:47  Extractor  
  44  3:48  Extractor  
  47  3:53  Drone x2  
  49  3:57  Drone  
  49  4:00  Drone  
  51  4:06  Drone  
  51  4:07  Drone, Overlord  
  53  4:11  Zergling x4  
  53  4:15  Overlord  
  53  4:16  Zergling x6  
  58  4:20  Overlord  
  58  4:23  Overlord  
  58  4:24  Roach x3  
  64  4:29  Roach x2  
  68  4:37  Roach x3  
  74  4:39  Overlord  
  78  4:45  Roach x2  
  78  4:46  Roach  
  78  4:50  Overlord  
  78  4:52  Roach  
  82  4:53  Ravager x2  
  82  4:57  Roach x2  
  88  5:04  Zergling x2, Roach x2  
  92  5:07  Overlord  
  92  5:11  Zergling x4, Roach  
  96  5:17  Roach x2  
  96  5:21  Zergling x2, Roach  
  103  5:24  Zergling x4  
  103  5:26  Overlord  
  103  5:28  Ravager  
  105  5:30  Roach  
  107  5:37  Roach x3  
  107  5:40  Roach  
  115  5:43  Zergling x4, Roach  
  117  5:56  Overlord  
  118  5:57  Roach x4  
  121  6:06  Roach x4  
  129  6:15  Overlord  
  127  6:21  Roach x3  
  121  6:25  Roach  
  121  6:26  Roach x2  
  121  6:27  Zergling x2, Roach  
  114  6:42  Lair  
  114  6:48  Zergling x2, Roach x2  
  114  6:52  Drone x2  
  114  6:53  Drone  
  121  6:54  Drone x2  
  121  6:55  Drone  
  124  7:02  Drone  
  124  7:04  Roach  
  124  7:05  Roach  
  124  7:06  Baneling Nest  
  128  7:11  Roach x2  
  128  7:12  Roach x3  
  136  7:17  Roach  
  136  7:22  Zergling x4  
Show
View Real Time Build Order
Export as new Build Order

Dastan Protoss 

Build Orders: 1 Gate Expand 

Get SALT Encoding   

  12  0:00  Probe  
  13  0:12  Probe  
  14  0:18  Pylon  
  14  0:25  Probe (Chrono Boost)  
  15  0:37  Probe (Chrono Boost)  
  15  0:40  Gateway  
  16  0:45  Probe (Chrono Boost)  
  17  0:50  Assimilator  
  17  0:51  Probe  
  18  1:03  Probe (Chrono Boost)  
  19  1:13  Probe (Chrono Boost)  
  20  1:18  Probe (Chrono Boost)  
  21  1:30  Nexus  
  21  1:39  Cybernetics Core  
  21  1:42  Probe  
  22  1:53  Assimilator  
  22  1:54  Probe  
  22  1:58  Pylon  
  23  2:14  Adept (Chrono Boost)  
  23  2:16  Probe  
  23  2:17  Warp Gate  
  26  2:28  Probe  
  27  2:30  Robotics Facility  
  27  2:37  Stalker  
  26  2:42  Probe (Chrono Boost)  
  30  2:44  Probe (Chrono Boost)  
  31  2:52  Probe (Chrono Boost)  
  31  2:55  Probe (Chrono Boost)  
  31  2:56  Gateway  
  31  2:57  Probe (Chrono Boost)  
  32  3:04  Probe  
  34  3:09  Twilight Council  
  34  3:15  Probe  
  34  3:16  Probe  
  36  3:21  Immortal (Chrono Boost)  
  41  3:39  Pylon  
  42  3:47  Charge (Chrono Boost)  
  40  3:52  Immortal (Chrono Boost)  
  44  4:03  Gateway  
  44  4:04  Gateway  
  44  4:08  Gateway x2  
  44  4:19  Gateway  
  44  4:21  Warp Prism (Chrono Boost)  
  46  4:26  Gateway  
  46  4:40  Pylon  
  46  4:42  Zealot  
  46  4:43  Zealot  
  46  4:44  Pylon  
  50  5:04  Adept  
  52  5:09  Pylon  
  52  5:16  Zealot  
  52  5:17  Zealot x5  
  64  5:21  Zealot  
  66  5:39  Zealot x3  
  66  5:40  Zealot x3  
  78  5:43  Pylon  
  78  5:46  Pylon  
  76  6:06  Zealot  
  76  6:07  Zealot x6  
  83  6:19  Probe x2  
  63  6:31  Probe (Chrono Boost)  
  34  6:43  Probe x2 (Chrono Boost)  
  34  6:46  Zealot x7  
  49  6:51  Probe (Chrono Boost)  
  49  6:53  Probe (Chrono Boost)  
  37  6:58  Probe  
  37  7:00  Zealot x8  
  54  7:02  Probe  
  55  7:28  Zealot  
  55  7:29  Zealot x4  
Tags
 
Add a new tag
Caveats
  • Supply blocks, unpowered buildings, or Contaminate may cause inaccurate times.
  • Supply counts are checked every 10 seconds.